 Dungeon Crawl Stone Soup version 0.25-a0-734-g73332aeda9 (webtiles) character file.

Game seed: 15863520693725891315, levelgen mode: deterministic

31 Maedhros the Charlatan (level 3, -5/23 HPs)
             Began as an Octopode Artificer on Apr 10, 2020.
             Killed by divine providence
             ... invoked by an orc priest
              (10 damage)
             ... on level 4 of the Dungeon.
             The game lasted 00:01:06 (628 turns).

Maedhros the Charlatan (Octopode Artificer)          Turns: 628, Time: 00:01:06

Health: -5/23      AC:  1    Str: 11    XL:     3   Next: 22%
Magic:  5/5        EV: 13    Int: 13    God:
Gold:   32         SH:  0    Dex: 13    Spells: 2/2 levels left

rFire    . . .     SeeInvis .   e - +0 dagger (speed)
rCold    . . .     Gourm    .   (no shield)
rNeg     . . .     Faith    .   (helmet restricted)
rPois    .         Spirit   .   (no amulet)
rElec    .         Reflect  .   (no ring)
rCorr    .         Harm     .   (no ring)
MR       .....                  (no ring)
Stlth    +++.......             (no ring)
HPRegen  0.07/turn              (no ring)
MPRegen  0.09/turn              (no ring)
                                (no ring)
                                (no ring)

@: no status effects
A: almost no armour, stealthy swim, amphibious, 8 rings, constrict 8, camouflage
1, gelatinous body 1
a: no special abilities


You were on level 4 of the Dungeon.
You were not hungry.

You visited 1 branch of the dungeon, and saw 4 of its levels.

You collected 32 gold pieces.

Inventory:

Hand Weapons
 a - a +0 short sword
 e - a +0 dagger of speed (weapon)
Armour
 g - a +0 tower shield
Wands
 b - a wand of flame (13)
 c - a wand of enslavement (14)
 d - a wand of random effects (11)
Scrolls
 h - a scroll of fear {unknown}
 j - a scroll of blinking {unknown}
Potions
 k - a potion of curing {unknown}
 l - a potion of magic {unknown}
Comestibles
 f - a ration
 i - 2 chunks of flesh


   Skills:
 - Level 1.0 Fighting
 - Level 1.0 Short Blades
 - Level 2.0 Dodging
 + Level 2.7 Stealth
 + Level 0.9 Shields
 + Level 0.9 Unarmed Combat
 + Level 3.8 Evocations


You had 2 spell levels left.
You didn't know any spells.
Your spell library was empty.

Dungeon Overview and Level Annotations

Branches:
Dungeon (4/15)
 Temple: D:4-7

Altars:
Trog


Innate Abilities, Weirdness & Mutations

You cannot wear most types of armour.
You are very stealthy in the water. (Stealth+)
You are amphibious.
You can wear up to eight rings at the same time.
You can use your tentacles to constrict eight enemies at once.
Your skin changes colour to match your surroundings (Stealth+).
Your rubbery body absorbs attacks. (AC +1, EV +1)


Message History

You completely miss the orc priest.
You squeeze the orc priest, but do no damage.
The orc priest is lightly wounded.
You constrict the orc priest. The orc priest hits you with a +0 whip.
You hit the orc priest.
The orc priest is moderately wounded.
You constrict the orc priest.
The orc priest looks encouraged for a moment.
The orc hits you from afar with a +1 trident of protection!
* * * LOW HITPOINT WARNING * * *
Evoke which item? (* to show all) (? for menu, Esc to quit)
Aiming: Throw Flame
Press: ? - help, Shift-Dir - straight line, f - orc
Aim: an orc, wielding a +1 trident of protection The puff of flame hits the orc priest.
The orc priest is heavily wounded.
You constrict the orc priest.
The orc priest mumbles some strange prayers to Beogh against you.
Beogh smites you!
You die...

##
#%#####.#
#..oo...#
#)@# #..#
#..#
....#
...##.#
..... #.#
.... #.#
.... ..#
... ###


You could see an orc priest and an orc.

Vanquished Creatures
  An adder (D:3)
  A dart slug (D:2)
  2 orcs (D:4)
  2 bats (D:1)
  2 goblins (D:1)
  A hobgoblin (D:1)
  A quokka (D:3)
  3 rats
13 creatures vanquished.

Vanquished Creatures (collateral kills)
  An adder (D:3)
  A bat (D:3)
2 creatures vanquished.

Grand Total: 15 creatures vanquished

Notes
Turn   | Place    | Note
-------+----------+-------------------------------------------
     0 | D:1      | Maedhros the Octopode Artificer began the quest for the
                  | Orb.
     0 | D:1      | Reached XP level 1. HP: 13/13 MP: 3/3
   159 | D:1      | Reached XP level 2. HP: 18/18 MP: 4/4
   451 | D:3      | Reached XP level 3. HP: 18/23 MP: 5/5
   477 | D:3      | Found a bloodstained altar of Trog.
   628 | D:4      | Killed from afar by an orc priest

Levels and vault maps discovered:
D:1:      scummos_arrival_gate, layout_basic
D:2:      layout_loops_corners
D:3:      cheibrodos_thug_alley, layout_loops_ring,
          chequers_temple_overflow_statue_of_worship,
          nicolae_overflow_crystal_walls
D:4:      minmay_inner_zag, layout_loops_ring, overflow_temple_1_default,
          ebering_ghost_disaster_area, uniq_sigmund

Skill      XL: |  1 |
---------------+----+-----
Stealth        | 2 |  2.7
Fighting       | |  1.0
Short Blades   | |  1.0
Dodging        | |  2.0
Shields        | |  0.9
Unarmed Combat | |  0.9
Evocations     | |  3.8

Action                   || total
-------------------------++-------
Melee: Dagger            ||    30
       Constrict         ||    11
       Tentacles         ||    10
       Short sword       ||     3
       Punch             ||     1
Evoke: Wand              ||     7
 Stab: Sleeping          ||     1
Armor: Skin              ||     3
Dodge: Dodged            ||    16

Table legend:
 A = Non-vault XP
 B = Vault XP
 C = Vault XP percentage of total XP
 D = Non-vault monster count
 E = Vault monster count
 F = Vault count percentage of total count
                 A         B        C        D         E       F
            +---------+---------+-------+---------+---------+-------
      Total |      45 |       0 |   0.0 |      15 |       0 |   0.0
            +---------+---------+-------+---------+---------+-------
        D:1 |      11 |       0 |   0.0 |       7 |       0 |   0.0
        D:2 |       4 |       0 |   0.0 |       1 |       0 |   0.0
        D:3 |      24 |       0 |   0.0 |       5 |       0 |   0.0
        D:4 |       6 |       0 |   0.0 |       2 |       0 |   0.0
            +---------+---------+-------+---------+---------+-------
